 Dungeon Crawl Stone Soup version 0.30-a0-123-g91d0c66ccf (webtiles) character file.

Game seed: 4710354893766347745

117 KittyKat the Ruffian (level 4, -2/35 HPs)
             Began as a Draconian Transmuter on Sept 18, 2022.
             Killed from afar by Ijyb (4 damage)
             ... with a puff of flame
             ... on level 3 of the Dungeon.
             The game lasted 00:04:39 (2537 turns).

KittyKat the Ruffian (Draconian Transmuter)         Turns: 2537, Time: 00:04:39

Health: -2/35      AC:  7    Str: 14    XL:     4   Next: 71%
Magic:  1/8        EV: 12    Int: 14    God:
Gold:   113        SH:  0    Dex: 11    Spells: 4/8 levels left

rFire   . . .      SeeInvis .      - Unarmed
rCold   . . .      Faith    .    (no shield)
rNeg    . . .      Spirit   .    (body armour unavailable)
rPois   .          Reflect  .    (helmet restricted)
rElec   .          Harm     .    (no cloak)
rCorr   .          Rampage  .    h - +0 pair of gloves
Will    .....                    j - +0 pair of boots
Stlth   +.........               (no amulet)
HPRegen 0.11/turn                (no ring)
MPRegen 0.11/turn                (no ring)

@: no status effects
A: AC +5, unfitting armour, cold-blooded
a: no special abilities


You were on level 3 of the Dungeon.
You visited 1 branch of the dungeon, and saw 3 of its levels.

You collected 113 gold pieces.

Inventory:

Armour
 h - a +0 pair of gloves (worn)
 j - a +0 pair of boots (worn)
Scrolls
 b - a scroll of fear {unknown}
 d - 2 scrolls of noise {unknown}
 g - 2 scrolls of identify {unknown}
 i - a scroll of enchant armour {unknown}
 k - a scroll of teleportation {unknown}
Potions
 a - a potion of lignification
 c - 2 potions of mutation {unknown}
 e - a potion of ambrosia {unknown}
 f - 2 potions of curing {unknown}
 l - a potion of flight {unknown}
 m - a potion of invisibility {unknown}


   Skills:
 - Level 1.1 Fighting
 - Level 1.7 Dodging
 + Level 3.7 Unarmed Combat
 + Level 2.8 Spellcasting
 * Level 3.7 Transmutations


You had 4 spell levels left.
You knew the following spells:

 Your Spells              Type           Power      Damage    Failure   Level
a - Beastly Appendage     Tmut           24%        N/A       4%          1
b - Spider Form           Tmut/Pois      7%         N/A       30%         3

Your spell library contained the following spells:

 Spells                   Type           Power      Damage    Failure   Level
 Wereblood                Tmut           12%        N/A       7%          2
 Ice Form                 Ice/Tmut       7%         N/A       69%         4


Dungeon Overview and Level Annotations

Branches:
Dungeon (3/15)

Altars:

Shops:
D:1 ?

Annotations:
D:3 Ijyb


Innate Abilities, Weirdness & Mutations

Your plain brown scales are hard. (AC +5)
You cannot fit into any form of body armour.
You are cold-blooded and may be slowed by cold attacks.


Message History

Your magical contamination has completely faded away.
You hit Ijyb.
Ijyb is lightly wounded.
You hit Ijyb but do no damage.
Ijyb is poisoned.
Ijyb is lightly wounded.
Ijyb hits you with a +0 club.
You hit Ijyb.
Ijyb looks as sick as possible!
Ijyb is moderately wounded.
Ijyb misses you.
You hit Ijyb but do no damage.
Ijyb looks as sick as possible!
Ijyb is moderately wounded.
Your transformation has ended.
Your +0 pair of gloves unmelds from your body.
Your +0 pair of boots unmelds from your body.
Ijyb screams, "I no like you!" Ijyb hits you but does no damage.
You closely miss Ijyb.
Ijyb is heavily wounded.
Ijyb completely misses you.
You hit Ijyb but do no damage.
Your tail-slap misses Ijyb.
Ijyb is heavily wounded.
Ijyb hits you but does no damage.
You closely miss Ijyb.
Your tail-slap misses Ijyb.
Ijyb is severely wounded.
Ijyb closely misses you.
You hit Ijyb but do no damage.
Ijyb is severely wounded.
Ijyb zaps a wand.
The puff of flame hits you.
You hit Ijyb.
Ijyb is severely wounded.
Ijyb zaps a wand.
The puff of flame hits you!
* * * LOW HITPOINT WARNING * * *
You closely miss Ijyb.
Your tail-slap misses Ijyb.
Ijyb is almost dead.
Ijyb hits you with a +0 club.
* * * LOW HITPOINT WARNING * * *
Ijyb attacks as you move away! Ijyb hits you with a +0 club.
* * * LOW HITPOINT WARNING * * *
Ijyb zaps a wand.
The puff of flame hits you.
You die...

#.##.####...##
#..#.....n...#
######..### #.#
#?........## #.#
#..........## #.###
#........#..## #....
#............# #...#
#.###............###...#
#....g.@..........##...#
#####..................#
#............##....#
#............##....#
#............##....#
##.######....##..).# #.#
#....###..## #?# ######
##..# ##..


You could see Ijyb (very poisoned).

Vanquished Creatures
  A necrophage (D:2)
  An adder (D:2)
  A worm (D:2)
  A dart slug (D:2)
  3 bats
  4 endoplasms
  3 giant cockroaches
  7 goblins
  4 hobgoblins
  3 jackals
  2 ball pythons
  9 kobolds
  A rat (D:1)
40 creatures vanquished.

Vanquished Creatures (others)
  2 plants (D:1)
2 creatures vanquished.

Grand Total: 42 creatures vanquished

Notes
Turn   | Place    | Note
-------+----------+-------------------------------------------
     0 | D:1      | KittyKat the Draconian Transmuter began the quest for the
                  | Orb.
     0 | D:1      | Reached XP level 1. HP: 16/16 MP: 3/3
   165 | D:1      | Found Moeqoab's Magic Scroll Shop.
   195 | D:1      | Reached XP level 2. HP: 22/23 MP: 3/5
   525 | D:2      | Found a faded altar of an unknown god.
  1427 | D:2      | Reached XP level 3. HP: 25/28 MP: 4/6
  2086 | D:2      | Learned a level 3 spell: Spider Form
  2257 | D:3      | Noticed a necrophage
  2263 | D:3      | Noticed Ijyb
  2298 | D:2      | Killed a necrophage
  2299 | D:2      | Reached XP level 4. HP: 16/35 MP: 1/8
  2537 | D:3      | Killed from afar by Ijyb

Illustrated notes

Levels and vault maps discovered:
D:1:      kennysheep_arrival_seaside, layout_rooms, serial_shops,
          nicolae_shop_stone, minmay_pentomino_r2
D:2:      layout_basic, ebering_ecumenical_altar_mist
D:3:      layout_basic, grunt_temple_overflow_gold_and_silver,
          mainiacjoe_overflow_divided_tiny, uniq_ijyb

Skill      XL: |  1  2  3 |
---------------+----------+-----
Transmutations | 3 |  3.7
Fighting       | |  1.1
Dodging        | |  1.7
Unarmed Combat | |  3.7
Spellcasting   | |  2.8

Action                   |  1- 3 |  4- 6 || total
-------------------------+-------+-------++-------
Melee: Unarmed           |   132 |    10 ||   142
       Headbutt          |    16 |       ||    16
       Tailslap          |    10 |       ||    10
       Kick              |    17 |       ||    17
       Punch             |     1 |       ||     1
 Cast: Beastly Appendage |    22 |       ||    22
       Spider Form       |     1 |     1 ||     2
Armor: Skin              |    46 |     2 ||    48
Dodge: Dodged            |   104 |     3 ||   107

Table legend: (Time is in decaauts)
 A = Elapsed time spent in this place.
 B = Non-inter-level travel time spent in this place.
 C = Inter-level travel time spent in this place.
 D = Time resting spent in this place.
 E = Time spent auto-exploring this place.
 F = Levels seen in this place.
 G = Mean time per level.
                   A        B        C        D        E       F      G
               +--------+--------+--------+--------+--------+-----+--------+
         Total |   2541 |   2514 |     27 |    958 |    940 |   3 |  847.0 |
       Dungeon |   2541 |   2514 |     27 |    958 |    940 |   3 |  847.0 |
               +--------+--------+--------+--------+--------+-----+--------+

Top non-repeatable levels by time:
     D:2: 1597 daAuts
     D:1: 711 daAuts
     D:3: 232 daAuts
